Unix NetHack Version 5.0.0-0 post-release - last build Jul 19 2026 19:10:59 (3aa4ab31751d3886436d94b585a96704892fd477,branch:main).

Game began 2026-07-27 20:54:37, ended 2026-07-28 23:39:08.

Impglein, neutral female human Tourist

 --------
 |......|     -----       ------
 |......|     |...|       |....|       ------                   $
 |.......#)###|.{..$  *   |....-#      |....|
 |......|    #|...|#      |...<|###    |....|             (         #####
 --%-----    #....|#      |.....# #####.>...|                     ###.{.###
   )       ###|...|#      |....|#######|....|  $       )          #......(#
   #       # #|...|#      |.+..|      #|.....#                ## ##.......##
   #%#  #### #-----#      ------      #------#  ##             # #(......!.#
     %  #    ####################################`             ##.).{......#
 ------ #          #         #               ####                #.........#
 |....-##          #        ##              ##`##       )####    ##...{...##
 |....|          ###        #              ################%######|....{!.#
 |....|          #----------.----               # ####   #      # ###(!(###
 |....|          #..............|               #  --.---.----  #   #####
 |....|           |.............|               ###|.........| o#
 |....|           -.............|                 #..........-@#    $
 ------           ---------------                  |.........|
                                                   -----------

Impglein the Excursionist   St:8 Dx:12 Co:18 In:11 Wi:10 Ch:16  Neutral
Dlvl:6  $:263 HP:0(68) Pw:23(27) AC:10 Xp:6 T:3850 

Latest messages:
 The hobbit hits!
 You miss the hobbit.
 The hobbit hits!
 What do you want to zap? [ei or ?*] e
 In what direction? l
 You kill the hobbit!
 You see here a runed dagger.
 You are beginning to feel hungry.
 j - a runed dagger.
 What do you want to eat? [d or ?*] ?
 This lichen corpse tastes okay.
 You finish eating the lichen corpse.
 You swap places with the peaceful little dog.
 With great effort you move the boulder.
 The giant ant bites!
 The giant ant bites!
 The giant ant bites!
 The giant ant bites!
 The giant ant bites!
 What do you want to zap? [ei or ?*] e
 In what direction? h
 The magic missile hits the giant ant!
 The giant ant bites!
 The giant ant bites!
 What do you want to zap? [ei or ?*] e
 Nothing happens.
 The giant ant bites!
 You hit the giant ant.
 The giant ant bites!
 What do you want to zap? [ei or ?*] u
 That is a silly thing to zap.
 You hit the giant ant.
 The giant ant bites!
 The giant ant bites!
 What do you want to zap? [ei or ?*] i
 In what direction? h
 The giant ant vanishes!
 It bites!
 It bites!
 It bites!
 It bites!
 It bites!
 The hobgoblin swings his curved sword.
 The hobgoblin hits!
 You die...
 Do you want your possessions identified? [ynq] (y) y
 Do you want to see your attributes? [ynq] (y) y
 Do you want an account of creatures vanquished? [ynaq] (y) y
 Do you want to see your conduct and achievements? [ynq] (y) y
 Do you want to see the dungeon overview? [ynq] (y) y

Inventory:
 Coins    ('$')
  $ - 263 gold pieces
 Weapons  (')')
  a - a +2 dart (at the ready)
  S - a +0 dagger (weapon in right hand)
  j - a cursed -1 elven dagger
  G - a +1 javelin
 Armor    ('[')
  R - an uncursed +0 orcish helm
  h - an uncursed +0 Uruk-hai shield
  U - an uncursed +0 cloak of invisibility
  o - a cursed -2 cloak of invisibility
 Scrolls  ('?')
  y - an uncursed scroll of blank paper
  H - an uncursed scroll of confuse monster
  b - a cursed scroll of scare monster
 Spellbooks  ('+')
  C - an uncursed novel named Wyrd Sisters
 Wands    ('/')
  e - a wand of magic missile (0:0)
  i - a wand of make invisible (0:6)
 Tools    ('(')
  l - an uncursed credit card
  k - an expensive camera (0:61)
  q - an uncursed mirror
 Gems/Stones  ('*')
  X - an uncursed opal
  f - an uncursed worthless piece of orange glass
  g - 2 uncursed worthless pieces of red glass
  u - an uncursed worthless piece of violet glass

Impglein the Tourist's attributes:

Background:
 You were an Excursionist, a level 6 female human Tourist.
 You were neutral, on a mission for The Lady
 who was opposed by Blind Io (lawful) and Offler (chaotic).
 You were right-handed.
 You were in the Dungeons of Doom, on level 6.
 You entered the dungeon 3850 turns ago.
 It was nighttime.
 You had 366 experience points, 274 more were needed to attain level 7.

Basics:
 You had 0 out of 68 hit points.
 You had 23 out of 27 energy points (spell power).
 Your armor class was 10.
 Your wallet contained 263 zorkmids.
 Autopickup was off.

Final Characteristics:
 Your strength was 8 (peak:10, limit:18/100).
 Your dexterity was 12 (limit:18).
 Your constitution was 18 (limit:18).
 Your intelligence was 11 (limit:18).
 Your wisdom was 10 (limit:18).
 Your charisma was 16 (limit:18).

Final Status:
 You weren't hungry.
 You were unencumbered.
 You were wielding a dagger.
 You were unskilled in dagger.
 You weren't wearing any armor.

Final Attributes:
 You were piously aligned.
 You were telepathic.
 You were unlucky.
 You are dead.

Miscellaneous:
 You didn't encounter any bones levels.
 Total elapsed playing time was 53 minutes and 59 seconds.

Major events:
 Turn
    1: Impglein the neutral female human Tourist entered the dungeon
 1744: attained the rank of Sightseer (level 3)
 2618: read a Discworld novel
 3758: attained the rank of Excursionist (level 6)
 3850: killed by a hobgoblin

Spells:
 Name                 Level Category     Fail Retention
 knock                  1   matter        25%  76%-100%
 healing                1   healing       32%  76%-100%

Skills:
 Fighting Skills
   bare handed combat [Unskilled]
   two weapon combat  [Unskilled]
   riding             [Unskilled]
 Weapon Skills
   dagger             [Unskilled]
   knife              [Unskilled]
   axe                [Unskilled]
   pick-axe           [Unskilled]
   short sword        [Unskilled]
   broadsword         [Unskilled]
   long sword         [Unskilled]
   two-handed sword   [Unskilled]
   saber              [Unskilled]
   mace               [Unskilled]
   morning star       [Unskilled]
   flail              [Unskilled]
   hammer             [Unskilled]
   quarterstaff       [Unskilled]
   polearms           [Unskilled]
   spear              [Unskilled]
   trident            [Unskilled]
   lance              [Unskilled]
   bow                [Unskilled]
   sling              [Unskilled]
   crossbow           [Unskilled]
   dart               [Skilled]
   shuriken           [Unskilled]
   boomerang          [Unskilled]
   whip               [Unskilled]
   unicorn horn       [Unskilled]
 Spellcasting Skills
   divination spells  [Unskilled]
   enchantment spells [Unskilled]
   escape spells      [Unskilled]

Voluntary challenges:
 Character rerolling was not enabled.
 You never genocided any monsters.
 You never polymorphed an object.
 You used no wishes.
Achievements:
 You entered a shop.
 You attained the rank of Sightseer.
 You read from a Discworld novel.
 You attained the rank of Excursionist.

 The Dungeons of Doom: levels 1 to 6
    Level 1:
    Level 2:
       A potion shop, an altar.
    Level 3:
       A scroll shop, a sink.
    Level 4:
       A grave.
    Level 5:
    Level 6: <- You were here.
       Many fountains, many trees.
       Final resting place for
          you, killed by a hobgoblin.


Vanquished creatures:
  a leprechaun
  a bugbear
  a wood nymph
  3 Uruk-hai
  a yellow light
  a kobold mummy
  a gray ooze
  3 giant ants
  2 floating eyes
  a kitten
  3 homunculi
  a monkey
  2 dwarf zombies
 an acid blob
  3 gas spores
  3 hobbits
  a giant rat
  4 cave spiders
  2 brown molds
  6 geckos
 10 jackals
  a fox
  a kobold
  a goblin
  7 grid bugs
  5 lichens
  a kobold zombie
  5 newts
72 creatures vanquished.

No species were genocided or became extinct.

Game over:
                       ----------
                      /          \
                     /    REST    \
                    /      IN      \
                   /     PEACE      \
                  /                  \
                  |     Impglein     |
                  |      263 Au      |
                  |   killed by a    |
                  |    hobgoblin     |
                  |                  |
                  |                  |
                  |       2026       |
                 *|     *  *  *      | *
        _________)/\\_//(\/(/\)/\//\/|_)_______

Aloha Impglein the Tourist...

You died in The Dungeons of Doom on dungeon level 6 with 1844 points,
and 263 pieces of gold, after 3850 moves.
You were level 6 with a maximum of 68 hit points when you died.

